 Dungeon Crawl Stone Soup version 0.27-a0-883-g39567a0c06 (webtiles) character file.

Game seed: 16048364578241241912

4 EnegeticOcto the Magician (level 1, 0/16 HPs)
             Began as a Djinni Conjurer on Apr 3, 2021.
             Slain by a ball python (1 damage)
             ... on level 3 of the Dungeon.
             The game lasted 00:00:31 (92 turns).

EnegeticOcto the Magician (Djinni Conjurer)           Turns: 92, Time: 00:00:32

Health: 0/16       AC:  2    Str:  6    XL:     1   Next: 60%
Gold:   0          EV: 12    Int: 19    God:
                   SH:  0    Dex: 11

rFire    + + .     SeeInvis .   (no weapon)
rCold    x . .     Faith    .   (no shield)
rNeg     . . .     Spirit   .   a - +0 robe
rPois    ∞         Reflect  .   (no helmet)
rElec    .         Harm     .   (no cloak)
rCorr    .         Rampage  .   (no gloves)
Will     .....                  (boots unavailable)
Stlth    ++........             (no amulet)
HPRegen  0.05/turn              (no ring)
MPRegen  0.00/turn              (no ring)

@: flying
A: fire resistance 2, cold vulnerability 1, float, innate caster, hp casting,
extra vitality 1
a: no special abilities


You were on level 3 of the Dungeon.
You visited 1 branch of the dungeon, and saw 3 of its levels.

Inventory:

Armour
 a - a +0 robe (worn)
Potions
 b - a potion of attraction {unknown}


   Skills:
 + Level 0.6 Fighting
 - Level 2.1 Dodging
 - Level 1.5 Stealth
 + Level 3.7 Spellcasting


You couldn't memorise any spells.
You knew the following spells:

 Your Spells              Type           Power      Damage    Failure   Level
a - Magic Dart            Conj           68%        1d6       3%          1
b - Searing Ray           Conj           34%        3d4       4%          2
c - Dazzling Flash        Conj/Hex       34%        N/A       10%         3
d - Fulminant Prism       Conj/Hex       8%         3d7       30%         4
e - Iskenderun's Mystic   Conj/Tloc      17%        2d5       30%         4
Your spell library was empty.

Dungeon Overview and Level Annotations

Branches:
Dungeon (3/15)

Altars:


Innate Abilities, Weirdness & Mutations

You are immune to poison.
Your flesh is very heat resistant. (rF++)
You are vulnerable to cold. (rC-)
You float through the air rather than walking.
You learn spells naturally, not from books.
Your magical power is your life essence.
You have superior vitality. (+4 HP)


Message History

Confirm with . or Enter, or press ? or * to list all spells.
Aiming: Magic Dart (safe; 3% risk of failure)
Press: ? - help, Shift-Dir - straight line, f - rat
Aim: a rat (0% to evade)
The magic dart hits the rat.
The rat is heavily wounded.
Casting: Magic Dart (safe; 3% risk of failure)
Confirm with . or Enter, or press ? or * to list all spells.
Aiming: Magic Dart (safe; 3% risk of failure)
Press: ? - help, Shift-Dir - straight line, f/p - rat
Aim: a rat (heavily wounded, 0% to evade)
The magic dart hits the rat.
You kill the rat!
Casting: Magic Dart (safe; 3% risk of failure)
Confirm with . or Enter, or press ? or * to list all spells.
Aiming: Magic Dart (safe; 3% risk of failure)
Press: ? - help, Shift-Dir - straight line, f - hobgoblin
Aim: a hobgoblin (0% to evade)
The magic dart hits the hobgoblin.
The hobgoblin is almost dead.
Casting: Magic Dart (safe; 3% risk of failure)
Confirm with . or Enter, or press ? or * to list all spells.
Aiming: Magic Dart (safe; 3% risk of failure)
Press: ? - help, Shift-Dir - straight line, f/p - hobgoblin
Aim: a hobgoblin (almost dead, 0% to evade)
The magic dart hits the hobgoblin but does no damage.
The hobgoblin is almost dead.
Casting: Magic Dart (safe; 3% risk of failure)
Confirm with . or Enter, or press ? or * to list all spells.
Aiming: Magic Dart (safe; 3% risk of failure)
Press: ? - help, Shift-Dir - straight line, f/p - hobgoblin
Aim: a hobgoblin (almost dead, 0% to evade)
The magic dart hits the hobgoblin.
You kill the hobgoblin!
There is a stone staircase leading down here.
There is a stone staircase leading down here.
You fly downwards.
A bat, a ball python and a goblin come into view.
The ball python hisses angrily.
The goblin shouts!
You hear an angry hiss.
Found 13 bolts and a metal-bound book.
Found a faded altar of an unknown god.
There is a stone staircase leading up here.
The ball python misses you. The ball python grabs you.
The ball python constricts you.
A hobgoblin comes into view.
The goblin unwields a +0 club.
The goblin wields a +0 hunting sling.
The goblin shoots a stone.
The stone hits you.
The ball python's grasp on you weakens, but your attempt to escape fails.
The bat hits you.
The ball python bites you but does no damage.
The ball python constricts you.
You escape the ball python's grasp.
The bat misses you. The bat hits you but does no damage.
Casting: Magic Dart (safe; 3% risk of failure)
Confirm with . or Enter, or press ? or * to list all spells.
Aiming: Magic Dart (safe; 3% risk of failure)
Press: ? - help, Shift-Dir - straight line, f - bat
Aim: a bat (0% to evade)
The magic dart hits the bat.
The bat is heavily wounded.
An adder comes into view.
The bat barely misses you.
Casting: Magic Dart (safe; 3% risk of failure)
Confirm with . or Enter, or press ? or * to list all spells.
Aiming: Magic Dart (safe; 3% risk of failure)
Press: ? - help, Shift-Dir - straight line, f/p - bat
Aim: a bat (heavily wounded, 0% to evade)
The magic dart hits the bat.
The bat is severely wounded.
The adder hisses angrily.
* * * LOW HITPOINT WARNING * * *
You hear a shout!
The bat hits you.
* * * LOW HITPOINT WARNING * * *
The bat hits you but does no damage.
Casting: Magic Dart (safe; 3% risk of failure)
Confirm with . or Enter, or press ? or * to list all spells.
Aiming: Magic Dart (safe; 3% risk of failure)
Press: ? - help, Shift-Dir - straight line, f/p - bat
Aim: a bat (severely wounded, 0% to evade)
The magic dart hits the bat.
You kill the bat!
* * * LOW HITPOINT WARNING * * *
The ball python barely misses you. x2
Casting: Magic Dart (safe; 3% risk of failure)
Confirm with . or Enter, or press ? or * to list all spells.
Aiming: Magic Dart (safe; 3% risk of failure)
Press: ? - help, Shift-Dir - straight line, f - ball python
Aim: a ball python (0% to evade)
The magic dart hits the ball python.
The ball python is severely wounded.
* * * LOW HITPOINT WARNING * * *
The ball python misses you. x2
An orc comes into view. It is wielding a +0 hand axe.
Casting: Magic Dart (safe; 3% risk of failure)
Confirm with . or Enter, or press ? or * to list all spells.
You don't have enough health to cast this spell.
You closely miss the ball python.
The ball python is severely wounded.
The ball python bites you.
You die...

..............
.......g.....
.............
............#
.......... .#
...o..... .#
........###.#
.......ggS@.#
........#####
.........
..(.....##
.........
.........
.........
.:.._.....


You could see an orc, a hobgoblin, a goblin and a ball python.

Vanquished Creatures
  A bat (D:3)
  A hobgoblin (D:2)
  2 rats (D:2)
4 creatures vanquished.

Notes
Turn   | Place    | Note
-------+----------+-------------------------------------------
     0 | D:1      | EnegeticOcto the Djinni Conjurer began the quest for the
                  | Orb.
     0 | D:1      | Reached XP level 1. HP: 15/15 MP: 0/0
    83 | D:3      | Found a faded altar of an unknown god.
    92 | D:3      | Slain by a ball python

Illustrated notes

Levels and vault maps discovered:
D:1:      psy_arrival_spokes, layout_loops_corners, serial_bayou,
          serial_bayou_pond_c, serial_bayou_crossing, serial_bayou_pond_c,
          serial_bayou_lake_a
D:2:      layout_basic, corexii_shack
D:3:      layout_basic, trog_butcher_becter, basic_ecumenical_altar,
          minivault_19

Action                   || total
-------------------------++-------
Melee: Unarmed           ||     1
 Cast: Magic Dart        ||    10
Armor: Robe              ||     3
Dodge: Dodged            ||     7

Table legend: (Time is in decaauts)
 A = Elapsed time spent in this place.
 B = Non-inter-level travel time spent in this place.
 C = Inter-level travel time spent in this place.
 D = Time resting spent in this place.
 E = Time spent auto-exploring this place.
 F = Levels seen in this place.
 G = Mean time per level.
                   A        B        C        D        E       F      G
               +--------+--------+--------+--------+--------+-----+--------+
         Total |     91 |     86 |      5 |      0 |      0 |   3 |   30.3 |
       Dungeon |     91 |     86 |      5 |      0 |      0 |   3 |   30.3 |
               +--------+--------+--------+--------+--------+-----+--------+

Top non-repeatable levels by time:
     D:2: 64 daAuts
     D:1: 18 daAuts
     D:3: 8 daAuts
